 Dungeon Crawl Stone Soup version 0.24-a0-693-g39a19ac0f1 (webtiles) character file.

Game seed: 15278993624392698323, levelgen mode: deterministic

32 Erlindor the Cutter (level 3, -5/28 HPs)
             Began as a Vampire Warper on Sept 28, 2019.
             Slain by Sigmund
             ... wielding a +1 scythe of venom
              (8 damage)
             ... on level 2 of the Dungeon.
             The game lasted 00:02:13 (363 turns).

Erlindor the Cutter (Vampire Warper)                 Turns: 363, Time: 00:02:14

Health: -5/28      AC:  3    Str: 11    XL:     3   Next: 10%
Magic:  6/6        EV:  9    Int: 15    God:
Gold:   8          SH:  6    Dex: 13    Spells: 6/6 levels left

rFire    . . .     SeeInvis +   f - +0 dagger (venom)
rCold    . . .     Gourm    .   g - +0 shield
rNeg     . . .     Faith    .   b - +0 leather armour
rPois    .         Spirit   .   (no helmet)
rElec    .         Reflect  .   (no cloak)
rCorr    .         Harm     .   (no gloves)
MR       .....                  (no boots)
Stlth    +.........             (no amulet)
HPRegen  0.29/turn              (no ring)
MPRegen  0.10/turn              (no ring)

@: lethally poisoned (-5 -> -15), regenerating quickly
A: no food, fangs 3, see invisible, unbreathing
a: Exsanguinate


You were on level 2 of the Dungeon.
You were alive.

You visited 1 branch of the dungeon, and saw 2 of its levels.

You collected 8 gold pieces.

Inventory:

Hand Weapons
 f - a +0 dagger of venom (weapon)
Missiles
 e - 5 boomerangs of dispersal (quivered)
Armour
 b - a +0 leather armour (worn)
 g - a +0 shield (worn)
Jewellery
 a - a +2 amulet of reflection {unknown}
Scrolls
 c - a scroll of identify {unknown}
 d - a scroll of blinking


   Skills:
 * Level 2.8 Fighting
 + Level 2.9 Short Blades
 - Level 0.7 Throwing
 - Level 0.7 Armour
 - Level 2.1 Dodging
 - Level 2.0 Spellcasting
   Level 2.4 Translocations


You had 6 spell levels left.
You didn't know any spells.
Your spell library contained the following spells:

 Spells                   Type           Power        Failure   Level  Hunger
 Blink                    Tloc           N/A          75%         2    N/A
 Shroud of Golubria       Chrm/Tloc      #.....       88%         2    N/A
 Gell's Gravitas          Tloc           #.........   93%         3    N/A
 Lesser Beckoning         Tloc           #.........   93%         3    N/A
 Teleport Other           Tloc           #.......     93%         3    N/A
 Passage of Golubria      Tloc           N/A          100%        4    N/A

Dungeon Overview and Level Annotations

Branches:
Dungeon (1/15)

Altars:

Annotations:
D:2 Sigmund


Innate Abilities, Weirdness & Mutations

You do not eat.
Your natural rate of healing is unusually fast.
You have razor-sharp teeth.
You have supernaturally acute eyesight. (SInv)
You can survive without breathing.


Message History

Sigmund hits you with a +1 scythe of venom!
You are poisoned.
You barely miss Sigmund.
You feel sick.
Sigmund hits you with a +1 scythe of venom.
* * * LOW HITPOINT WARNING * * *
You are lethally poisoned!
You closely miss Sigmund.
* * * LOW HITPOINT WARNING * * *
You feel sick.
You closely miss Sigmund. You bite Sigmund, but do no damage.
* * * LOW HITPOINT WARNING * * *
You feel sick.
Sigmund screams, "You will never...
NEVER!!!"
Sigmund casts a spell.
Sigmund flickers and vanishes for a moment.
You closely miss Sigmund.
* * * LOW HITPOINT WARNING * * *
You feel sick.
Sigmund hits you with a +1 scythe of venom!
You die...

# #.# ##.#.
.....######
###.......#
#.......#†#
#.#..#.)#.#
.... ##@@.#
.. #####


You could see Sigmund (invisible).

Vanquished Creatures
  An adder (D:2)
  A worm (D:2)
  A dart slug (D:1)
  4 bats (D:1)
  A giant cockroach (D:1)
  2 goblins (D:1)
  2 hobgoblins (D:2)
  2 kobolds
  A frilled lizard (D:1)
  3 rats (D:1)
18 creatures vanquished.

Notes
Turn   | Place    | Note
-------+----------+-------------------------------------------
     0 | D:1      | Erlindor the Vampire Warper began the quest for the Orb.
     0 | D:1      | Reached XP level 1. HP: 16/16 MP: 3/3
   165 | D:1      | Reached XP level 2. HP: 20/22 MP: 5/5
   327 | D:1      | You fall into a shaft and drop 1 floor!
   350 | D:2      | Noticed Sigmund
   351 | D:2      | Reached XP level 3. HP: 28/28 MP: 6/6
   363 | D:2      | Slain by Sigmund

Levels and vault maps discovered:
D:1:      dpeg_arrival_more_subterranean_lakeside_camping, layout_loops_ring
D:2:      layout_basic, uniq_sigmund, uniq_robin

Skill      XL: |  1 |
---------------+----+-----
Fighting       | 2 |  2.8
Short Blades   | |  2.9
Throwing       | |  0.7
Armour         | |  0.7
Dodging        | |  2.1
Spellcasting   | |  2.0
Translocations | |  2.4

Action                   || total
-------------------------++-------
Melee: Short sword       ||    14
       Dagger            ||    44
       Bite              ||     3
Armor: Leather armour    ||    17
Dodge: Dodged            ||    22
Block: Shield            ||     8

Table legend:
 A = Non-vault XP
 B = Vault XP
 C = Vault XP percentage of total XP
 D = Non-vault monster count
 E = Vault monster count
 F = Vault count percentage of total count
                 A         B        C        D         E       F
            +---------+---------+-------+---------+---------+-------
      Total |      47 |       0 |   0.0 |      18 |       0 |   0.0
            +---------+---------+-------+---------+---------+-------
        D:1 |      23 |       0 |   0.0 |      13 |       0 |   0.0
        D:2 |      24 |       0 |   0.0 |       5 |       0 |   0.0
            +---------+---------+-------+---------+---------+-------
